 Dungeon Crawl Stone Soup version 0.30.1-4-g462c640d31 (webtiles) character file.

Game seed: 1369031487835182829

36696 Gorgoleon the Cleaver (level 13, -10/122 HPs)
             Began as a Hill Orc Berserker on Aug 14, 2023.
             Was a High Priest of Trog.
             Mangled by a death yak (13 damage)
             ... on level 5 of the Lair of Beasts.
             The game lasted 00:56:12 (20778 turns).

Gorgoleon the Cleaver (Hill Orc Berserker)         Turns: 20778, Time: 00:56:12

Health: -10/122    AC: 23    Str: 25    XL:     13   Next: 91%
Magic:  13/13      EV:  8    Int:  7    God:    Trog [*****.]
Gold:   459        SH: 16    Dex: 10    Spells: 12/12 levels left

rFire   . . .        R - +9 hand axe "Xegairuk" {flame, rN+ SInv}
rCold   . . .        e - +0 tower shield
rNeg    + . .        z - +0 plate armour
rPois   .            B - +0 helmet
rElec   .            u - +0 cloak
rCorr   +            L - +2 pair of gloves
SInv    +            g - +0 pair of boots
Will    .....        (no amulet) Stlth
                     m - ring of resist corrosion
HPRegen 0.40/turn    (no ring)
MPRegen 0.13/turn

%: no passive effects
@: on berserk cooldown, slowed, very slow
A: no striking features
a: Renounce Religion, Berserk, Trog's Hand, Brothers in Arms


You were on level 5 of the Lair of Beasts.
You worshipped Trog.
Trog was extremely pleased with you.
You visited 3 branches of the dungeon, and saw 18 of its levels.
You also visited: Sewer.

You collected 1511 gold pieces.
You spent 1052 gold pieces at shops.

Inventory:

Hand Weapons
 w - the +12 war axe of the Loving Gods {venom, rElec rC+ rN+}
   (You found it on level 4 of the Lair of Beasts)

   rC:        It protects you from cold.
   rElec:     It insulates you from electricity.
   rN:        It protects you from negative energy.
 R - the +9 hand axe "Xegairuk" (weapon) {flame, rN+ SInv}
   (You bought it in a shop on level 12 of the Dungeon)

   rN:        It protects you from negative energy.
   SInv:      It lets you see invisible.
Missiles
 d - 49 poisoned darts
 p - 127 stones (quivered)
 r - 2 throwing nets
 Q - 8 javelins
Armour
 e - a +0 tower shield (worn)
 g - a +0 pair of boots (worn)
 u - a +0 cloak (worn)
 z - a +0 plate armour (worn)
 B - a +0 helmet (worn)
 L - a +2 pair of gloves (worn)
Jewellery
 i - a ring of flight
 m - a ring of resist corrosion (left hand)
 s - a +6 ring of intelligence
 y - an amulet of the acrobat
Wands
 k - a wand of polymorph (7)
 l - a wand of iceblast (11)
Scrolls
 b - 5 scrolls of fog
 f - 4 scrolls of fear
 j - 8 scrolls of identify
 o - 5 scrolls of teleportation
 q - a scroll of enchant weapon
 J - a scroll of magic mapping
 N - 2 scrolls of poison
Potions
 c - 2 potions of haste
 n - 2 potions of cancellation
 t - 6 potions of curing
 v - a potion of resistance
 x - 8 potions of flight
 A - 2 potions of invisibility
 D - 3 potions of berserk rage
 H - a potion of magic
Miscellaneous
 a - a condenser vane
 h - a box of beasts


   Skills:
 * Level 13.1 Fighting
 - Level 14.0 Axes
 - Level 5.0 Throwing
 * Level 11.9 Armour
 * Level 6.5 Dodging
 - Level 13.0 Shields


You had 12 spell levels left.
You didn't know any spells.
Your spell library was empty.

Dungeon Overview and Level Annotations

Branches:
Dungeon (12/15)            Temple (1/1) D:7            Lair (5/5) D:10
 Shoals (0/4) Lair:2        Snake (0/4) Lair:2        Slime (0/5) Lair:4
    Orc (0/2) D:9           Sewer (visited)

Altars:
Ashenzari
Cheibriados
Dithmenos
Elyvilon
Fedhas
Gozag
Hepliaklqana
Kikubaaqudgha
Makhleb
Nemelex Xobeh
Okawaru
Qazlal
Ru
Sif Muna
Trog
Uskayaw
Vehumet
Wu Jian
Xom
Yredelemnul
Zin
The Shining One

Shops:
D:12 (

Annotations:
D:10 exclusion: ice statue
Lair:3 exclusion: 2 oklob plants


Message History

You feel yourself slow down.
You feel sick.
The death yak bellows! x2
The elephant tramples you but does no damage.
You block the elephant's attack. You block the death yak's attack.
You block the elephant's attack.
The elephant trunk-slaps you but does no damage.
There is a stone staircase leading up here.
You feel sick. The death yak barely misses you. The elephant tramples you.
* * * LOW HITPOINT WARNING * * *
You stumble backwards!
You stop ascending the stairs.
The death yak gores you.
* * * LOW HITPOINT WARNING * * *
The death yak gores you.
* * * LOW HITPOINT WARNING * * *
The death yak attacks as you move away! The death yak gores you.
* * * LOW HITPOINT WARNING * * *
The death yak attacks as you move away! You block the death yak's attack.
The death yak attacks as you move away! You block the death yak's attack.
You feel sick.
The elephant tramples you but does no damage.
The elephant trunk-slaps you but does no damage.
The elephant barely misses you. You block the elephant's attack.
The elephant tramples you.
* * * LOW HITPOINT WARNING * * *
You hold your ground!
The elephant trunk-slaps you but does no damage.
As you read the scroll of fear, it crumbles to dust.
You assume a fearsome visage.
The death yak resists with some effort.
The death yak looks frightened!
The death yak resists with almost no effort.
The death yak looks frightened! x2; The elephant looks frightened! x2
The death yak looks frightened!
The death yak resists with almost no effort.
You feel sick. The death yak gores you!!
* * * LOW HITPOINT WARNING * * *
You block the death yak's attack. The death yak attacks as you move away!
You block the death yak's attack.
You feel sick.
You are no longer poisoned.
You block the death yak's attack. The death yak gores you!
You die...

,,* **,,,,,,,,,* ,,*
*#...⌠,,,+,,* ,** *#....,,,,*,,,
,** ###*##.....,**,*,,, ,,*
###.#*...⌠..#,,,***,, ,**
##Y⌠.##.......,,,,,*,, ,,* ***
#Y†...#.......,,,,,+,, ,,* *,**
#Y†<..+.⌠.<.⌠.,⌠,,,*,,
,,*****,,**#.Y.Y@........,,,,,,,,
,,,,,,,,,,,#..⌠Y##.......,,,,,*,,
,,,,,,,,...YY##.#*#..⌠...**,**,,,
,,,,,,,...........,#.....,,***,,,
,,,,,,.............*#....,,,,*,,,
,,,,,,Y..............#...⌠,,,,,,,
,,,,,,...............*...,,,,,,,,
,,,,,,...............,*#.,,,,+,,,
,,,,,,,,,,,,,,,,,,,,,,,**,,,,*,,,


You could see 6 death yaks and 2 elephants.

Vanquished Creatures
  3 hydras
  2 two-headed ogres (D:12)
  A boulder beetle (D:11)
  A death yak (Lair:5)
  3 skysharks (Lair:2)
  Lodul (D:10)
  A deep elf pyromancer (D:9)
  Pikel (D:8)
  A cyclops (D:12)
  A salamander (Lair:2)
  18 elephants
  2 black mambas
  4 cane toads
  A gargoyle (D:6)
  A rime drake (Lair:4)
  8 komodo dragons
  3 trolls
  4 polar bears
  A hornet (D:7)
  8 blink frogs
  A snapping turtle (Lair:2)
  Sigmund (D:2)
  A wraith (D:10)
  7 wyverns
  3 vampires
  Eustachio (D:4)
  An air elemental (D:11)
  3 basilisks
  A fire elemental (D:11)
  3 steam dragons
  31 yaks
  A water elemental (D:11)
  4 vampire mosquitoes (D:12)
  8 water moccasins
  2 acid dragons (D:11)
  2 ice beasts
  3 black bears
  3 orc warriors
  2 sky beasts
  8 ogres
  6 wolves (Lair:3)
  6 centaurs
  3 kobold brigands
  8 bullfrogs
  5 gnoll sergeants
  A scorpion (D:5)
  An earth elemental (D:11)
  9 wights
  4 killer bees (D:11)
  6 electric eels
  8 howler monkeys
  3 lava snakes (Lair:2)
  6 orc priests
  2 hounds (D:5)
  2 jellies
  Crazy Yiuf (D:2)
  A sleepcap (D:7)
  3 iguanas
  7 orc wizards
  10 adders
  27 gnolls
  5 river rats (Sewer)
  A white imp (D:7)
  2 ufetubi
  3 worms
  6 dart slugs
  15 orcs
  6 endoplasms
  3 giant cockroaches
  7 hobgoblins
  8 jackals
  5 quokkas
  12 ball pythons
  10 bats
  12 frilled lizards
  6 goblins
  26 kobolds
  3 rats
400 creatures vanquished.

Notes
Turn   | Place    | Note
-------+----------+-------------------------------------------
     0 | D:1      | Gorgoleon the Hill Orc Berserker began the quest for the
                  | Orb.
     0 | D:1      | Reached XP level 1. HP: 19/19 MP: 1/1
    71 | D:1      | Reached XP level 2. HP: 25/26 MP: 2/2
   144 | D:1      | Reached skill level 5 in Axes
   220 | D:1      | Found a faded altar of an unknown god.
   225 | D:1      | Reached XP level 3. HP: 24/31 MP: 3/3
   458 | D:1      | Reached ** piety under Trog
   733 | D:1      | HP: 1/33 [poisoned by an adder]
  1125 | D:2      | Reached XP level 4. HP: 40/40 MP: 4/4
  1147 | D:2      | Found a hazy altar of Hepliaklqana.
  1201 | D:2      | Noticed Sigmund
  1236 | D:2      | Killed Sigmund
  1237 | D:2      | Reached skill level 7 in Axes
  1237 | D:2      | Reached skill level 1 in Throwing
  1237 | D:2      | Reached XP level 5. HP: 32/46 MP: 5/5
  1424 | D:2      | Reached XP level 6. HP: 52/52 MP: 6/6
  1606 | D:2      | Found a runed translucent door.
  1607 | D:2      | Noticed Crazy Yiuf
  1615 | D:2      | Killed Crazy Yiuf
  2409 | D:3      | Found a shimmering altar of Xom.
  2434 | D:3      | Reached skill level 8 in Axes
  2884 | D:4      | Noticed a black bear
  2915 | D:4      | Killed a black bear
  2916 | D:4      | Reached XP level 7. HP: 16/59 MP: 7/7
  2945 | D:4      | Found a glowing drain.
  2958 | Sewer    | Entered a sewer
  3286 | Sewer    | Reached skill level 9 in Axes
  3286 | Sewer    | Reached *** piety under Trog
  4448 | D:5      | Entered Level 5 of the Dungeon
  4485 | D:5      | Reached skill level 10 in Axes
  4732 | D:5      | Reached skill level 11 in Axes
  4732 | D:5      | Reached XP level 8. HP: 32/66 MP: 8/8
  4972 | D:5      | Noticed Eustachio
  5184 | D:4      | Killed Eustachio
  5326 | D:5      | Found a sacrificial altar of Ru.
  5355 | D:5      | Found a broken altar of Ashenzari.
  5401 | D:5      | Reached skill level 12 in Axes
  5705 | D:6      | Noticed a gargoyle
  5714 | D:6      | HP: 2/66 [gargoyle/stone arrow (24)]
  5722 | D:6      | Killed a gargoyle
  5723 | D:6      | Reached skill level 13 in Axes
  5886 | D:6      | Found Voqid's Self-Improvement Boutique.
  5929 | D:6      | Found an iron altar of Okawaru.
  5944 | D:6      | Found a bloodstained altar of Trog.
  6336 | D:6      | Found an ancient bone altar of Kikubaaqudgha.
  6378 | D:6      | Found a hide-covered altar of Uskayaw.
  6565 | D:7      | Reached skill level 14 in Axes
  6565 | D:7      | Reached XP level 9. HP: 41/71 MP: 9/9
  6780 | D:6      | HP: 4/106 [kobold brigand/+0 short sword (7)]
  6786 | D:6      | Reached skill level 1 in Shields
  7414 | D:7      | Found a glowing silver altar of Zin.
  7489 | D:7      | Found a staircase to the Ecumenical Temple.
  7497 | Temple   | Entered the Ecumenical Temple
  8135 | D:7      | Reached skill level 5 in Fighting
  8175 | D:8      | Reached **** piety under Trog
  8212 | D:8      | Noticed a hornet
  8220 | D:7      | Paralysed by a hornet for 2 turns
  8225 | D:7      | Killed a hornet
  8226 | D:7      | Reached skill level 5 in Armour
  8436 | D:8      | Found a shimmering blue altar of Sif Muna.
  8517 | D:8      | Noticed Pikel
  8528 | D:8      | Killed Pikel
  8765 | D:8      | Reached XP level 10. HP: 75/83 MP: 10/10
  8846 | D:8      | Found an opulent altar of Gozag.
  8906 | D:9      | Identified the +11 glaive of the Volcano {freeze, rPois
                  | rCorr Str+3}
  9980 | D:9      | Noticed a deep elf pyromancer
 10200 | D:9      | Found a staircase to the Orcish Mines.
 10278 | D:9      | Killed a deep elf pyromancer
 10279 | D:9      | Reached skill level 5 in Shields
 10796 | D:10     | Entered Level 10 of the Dungeon
 11128 | D:10     | Noticed Lodul
 11137 | D:10     | Killed Lodul
 11138 | D:10     | Reached skill level 5 in Dodging
 11138 | D:10     | Reached XP level 11. HP: 95/95 MP: 11/11
 12022 | D:10     | Reached skill level 10 in Fighting
 12385 | D:10     | Found a staircase to the Lair.
 13178 | D:11     | Noticed a boulder beetle
 13190 | D:11     | Killed a boulder beetle
 13333 | D:11     | Found a large runed translucent door.
 13333 | D:11     | Found a large runed translucent door.
 14178 | D:11     | Paralysed by an air elemental for 1 turns
 14182 | D:11     | Paralysed by an air elemental for 1 turns
 14185 | D:11     | Paralysed by an air elemental for 1 turns
 14189 | D:11     | Paralysed by an air elemental for 1 turns
 14465 | D:12     | Noticed a two-headed ogre
 14472 | D:12     | Killed a two-headed ogre
 14564 | D:12     | Noticed a cyclops
 14577 | D:12     | Killed a cyclops
 14714 | D:12     | Noticed a +0 lajatang
 14924 | D:12     | Reached XP level 12. HP: 107/107 MP: 12/12
 15061 | D:12     | Noticed a two-headed ogre
 15062 | D:12     | Identified the +0 ring mail of Negligence {rF++ rC+++ rCorr
                  | Int-3}
 15072 | D:12     | Killed a two-headed ogre
 15346 | D:12     | Found Qapposit's Weapon Shop.
 15355 | D:12     | Bought the +9 hand axe "Xegairuk" {flame, rN+ SInv} for
                  | 1052 gold pieces
 15697 | Lair:1   | Entered Level 1 of the Lair of Beasts
 15738 | Lair:1   | Noticed a four-headed hydra
 15752 | Lair:1   | Killed a one-headed hydra
 16089 | Lair:1   | Identified the +1 robe of Qirinn {-Tele Rampage Will+
                  | Regen+}
 16361 | Lair:1   | Reached skill level 10 in Shields
 16670 | Lair:2   | Noticed a skyshark
 16876 | Lair:2   | Found a gate leading to a gauntlet.
 16924 | Lair:2   | Reached skill level 5 in Throwing
 16939 | Lair:2   | Killed a skyshark
 16940 | Lair:2   | Reached skill level 10 in Armour
 17217 | Lair:2   | Found a staircase to the Snake Pit.
 17225 | Lair:2   | Reached ***** piety under Trog
 17383 | Lair:2   | Noticed a skyshark
 17396 | Lair:2   | Killed a skyshark
 17654 | Lair:2   | Reached XP level 13. HP: 109/117 MP: 13/13
 17909 | Lair:2   | Found a staircase to the Shoals.
 20002 | Lair:4   | Identified the +12 war axe of the Loving Gods {venom, rElec
                  | rC+ rN+}
 20030 | Lair:4   | Found a staircase to the Slime Pits.
 20593 | Lair:5   | Entered Level 5 of the Lair of Beasts
 20777 | Lair:5   | HP: 3/122 [death yak (18)]
 20778 | Lair:5   | Mangled by a death yak

Illustrated notes

Levels and vault maps discovered:
D:1:      saegor_arrival_simple_d, layout_basic,
          hellmonk_ecumenical_altar_inner_sanctum, minmay_pentomino_v2
D:2:      layout_rooms, basic_altar, uniq_sigmund, uniq_crazy_yiuf_cottage
D:3:      layout_basic, mainiacjoe_overflow_cross_hatched, chequers_avenue,
          kennysheep_nondescript, minmay_lizard_king
D:4:      layout_rooms, cheibrodos_sewer_entry_drain, sigmund_army
D:5:      layout_cave_pools, mainiacjoe_overflow_catwalk_spiral, uniq_eustachio
D:6:      layout_basic, nicolae_overflow_quartered_altars,
          minmay_strange_pillars, chequers_serial_rivers_room_b,
          eino_small_chamber_without_monster, nicolae_shop_self_help
D:7:      layout_basic, zin_academy, minmay_temple_entry_mini_moons,
          chequers_mini_garden, nrook_loot_triangle
D:8:      cheibrodos_iron_armory, layout_basic, kennysheep_mini_moat,
          mainiacjoe_overflow_concentric_impassable, uniq_pikel
D:9:      wad_cavern_with_rooms, layout_rooms, orc_0_dummy
D:10:     cheibrodos_frozen_isle, layout_long_grid, erik_lair_dragon,
          solitary_fountain, chequers_serial_rivers_small_3, uniq_lodul
D:11:     layout_irregular_city, lightli_elemental_guards
D:12:     layout_rooms, serial_shops, nicolae_shop_mannequins
Temple:   nicolae_temple_x_marks_the_god
Lair:1:   layout_long_grid
Lair:2:   layout_misc_corridors, minmay_shoals_entry_hut,
          nicolae_snake_entry_warm_welcome, gauntlet_entry_generic,
          hibernation_bobbens
Lair:3:   layout_roguey, chequers_serial_rivers_small_a, guppyfry_lair_drakes,
          grunt_megastairs_4, infiniplex_staircase_pool_2, serial_bayou_shore_a
Lair:4:   layout_roguey, slime_entry_1, serial_bayou, serial_bayou_shore_b,
          serial_bayou_ford_a, serial_bayou_pond_e, serial_bayou_pond_b,
          infiniplex_staircase_pool, lemuel_fruit_fields
Lair:5:   due_jungle_book, layout_big_grid, grunt_megastairs_3

Skill      XL: |  1  2  3  4  5  6  7  8  9 10 11 12 13 |
---------------+----------------------------------------+-----
Axes           | 5 7 8 11 14 | 14.0
Fighting       | 4 6 8 10 11 13 | 13.1
Throwing       | 1 2 3 4 5 |  5.0
Armour         | 3 6 8 10 11 | 11.9
Dodging        | 2 3 5 6 |  6.5
Shields        | 3 5 9 11 13 | 13.0

Action                     |  1- 3 |  4- 6 |  7- 9 | 10-12 | 13-15 || total
---------------------------+-------+-------+-------+-------+-------++-------
  Melee: Hand axe          |   107 |   158 |   471 |   739 |   272 ||  1747
         Punch             |       |     2 |     3 |       |       ||     5
  Throw: Stone             |       |       |     2 |    10 |       ||    12
 Invoke: Berserk           |       |     3 |     5 |     3 |     3 ||    14
    Use: Potion            |     3 |       |     3 |     2 |       ||     8
         Scroll            |       |     1 |    21 |     8 |     2 ||    32
   Stab: Sleeping          |     1 |       |       |       |       ||     1
         Invisible         |     3 |       |       |       |       ||     3
 Armour: Animal skin       |     6 |       |       |       |       ||     6
         Ring mail         |    33 |    53 |   176 |    57 |       ||   319
         Plate armour      |       |       |       |   203 |   211 ||   414
  Dodge: Dodged            |    56 |    84 |   209 |   169 |    73 ||   591
  Block: Tower shield      |       |       |    45 |   477 |   248 ||   770
